 Dungeon Crawl Stone Soup version 0.29-a0-416-g83a48905f1 (webtiles) character file.

Game seed: 4669631247596645842

20 YayAnonymity the Poker (level 2, -2/22 HPs)
             Began as a Demonspawn Gladiator on May 17, 2022.
             Slain by a gnoll
             ... wielding a +0 flail
              (8 damage)
             ... on level 1 of the Dungeon.
             The game lasted 00:01:00 (1364 turns).

YayAnonymity the Poker (Demonspawn Gladiator)       Turns: 1364, Time: 00:01:01

Health: -2/22      AC:  5    Str: 14    XL:     2   Next: 58%
Magic:  2/2        EV: 11    Int:  9    God:
Gold:   23         SH:  0    Dex: 14    Spells: 1/1 levels left

rFire   . . .      SeeInvis .   a - +0 trident
rCold   . . .      Faith    .   (no shield)
rNeg    . . .      Spirit   .   l - +0 ring mail
rPois   .          Reflect  .   (helmet restricted)
rElec   .          Harm     .   (no cloak)
rCorr   .          Rampage  .   (no gloves)
Will    .....                   (no boots)
Stlth   +.........              (no amulet)
HPRegen 0.07/turn               (no ring)
MPRegen 0.08/turn               (no ring)

@: no status effects
A: horns 1
a: no special abilities


You were on level 1 of the Dungeon.
You visited 1 branch of the dungeon, and saw 2 of its levels.

You collected 23 gold pieces.

Inventory:

Hand Weapons
 a - a +0 trident (weapon)
Missiles
 d - 3 throwing nets (quivered)
 e - a javelin
Armour
 c - a +0 helmet
 l - a +0 ring mail (worn)
Scrolls
 b - a scroll of blinking {unknown}
 g - a scroll of immolation {unknown}
 h - 2 scrolls of identify {unknown}
 i - a scroll of teleportation {unknown}
 k - a scroll of noise {unknown}
 m - a scroll of enchant armour {unknown}
 n - a scroll of fear {unknown}
Potions
 f - a potion of curing {unknown}
 j - a potion of resistance {unknown}


   Skills:
 - Level 2.0 Fighting
 * Level 3.3 Polearms
 - Level 1.7 Throwing
 + Level 1.0 Armour
 - Level 2.6 Dodging


You had one spell level left.
You didn't know any spells.
Your spell library contained the following spells:

 Spells                   Type           Power      Damage    Failure   Level
 Gell's Gravitas          Tloc           0%         N/A       94%         3
 Teleport Other           Tloc           0%         N/A       94%         3
 Dispersal                Tloc           0%         N/A       100%        6


Dungeon Overview and Level Annotations

Branches:
Dungeon (2/15)

Altars:


Innate Abilities, Weirdness & Mutations

You have a pair of small horns on your head.


Message History

You start resting.
HP restored.
There is a stone staircase leading down here.
You climb downwards.
The gnoll barely misses you. The adder bites you but does no damage.
The gnoll hits you with a +0 whip. The adder barely misses you.
There is a stone staircase leading up here.
The adder bites you.
You are poisoned.
The adder poisons you! The gnoll hits you with a +0 flail.
The gnoll barely misses you.
You climb upwards.
You feel sick.
There is a stone staircase leading down here.
You are too injured to fight recklessly!
You are too injured to fight recklessly!
You are too injured to fight recklessly!
You are too injured to fight recklessly!
You hit the gnoll. You headbutt the gnoll.
The gnoll is heavily wounded.
You feel sick. The adder closely misses you. The gnoll closely misses you.
The adder bites you but does no damage.
You completely miss the gnoll. You headbutt the gnoll.
The gnoll is severely wounded.
You feel sick.
You are no longer poisoned.
The gnoll hits you with a +0 flail.
* * * LOW HITPOINT WARNING * * *
The adder closely misses you.
You hit the gnoll.
The gnoll is almost dead.
The adder misses you. The gnoll barely misses you.
You barely miss the gnoll.
The gnoll is almost dead.
The adder bites you but does no damage. The gnoll barely misses you.
The adder closely misses you.
Sorry, you're not good enough to have a special ability.
You closely miss the gnoll. Your headbutt misses the gnoll.
The gnoll is almost dead.
The gnoll hits you with a +0 flail!
You die...

#...# #.#.#
####.#.####
#....#....#######
#.#######)......†
##....#....######.
#.....#...## #..
#g###.#.#.# ##.
#@# #...#.# ## #S#
#..##.# # #g#
#.###.# #
#.###.###.# ##
#.........# ##.
#####.##### ##..
#......## ##...
#.#.#...####....
#.#........'....


You could see 2 gnolls and an adder.

Vanquished Creatures
  A gnoll (D:1)
  2 ball pythons (D:1)
  3 hobgoblins (D:1)
  A bat (D:1)
  2 frilled lizards (D:1)
  A kobold (D:1)
  A rat (D:1)
11 creatures vanquished.

Notes
Turn   | Place    | Note
-------+----------+-------------------------------------------
     0 | D:1      | YayAnonymity the Demonspawn Gladiator began the quest for
                  | the Orb.
     0 | D:1      | Reached XP level 1. HP: 16/16 MP: 1/1
   819 | D:1      | Found a faded altar of an unknown god.
   869 | D:1      | Reached skill level 3 in Polearms
   969 | D:1      | Gained mutation: You have a pair of small horns on your
                  | head. [demonic ancestry]
   969 | D:1      | Reached XP level 2. HP: 22/22 MP: 2/2
  1231 | D:1      | Reached skill level 1 in Armour
  1364 | D:1      | Slain by a gnoll

Illustrated notes

Levels and vault maps discovered:
D:1:      tarquinn_simple_flora_water_e, layout_loops_corners,
          dreamdust_ecumenical_altar_angels_and_demons
D:2:      layout_rooms, uniq_terence

Skill      XL: |  1  2 |
---------------+-------+-----
Polearms       | 3 |  3.3
Armour         | 1 |  1.0
Fighting       | |  2.0
Throwing       | |  1.7
Dodging        | |  2.6

Action                   || total
-------------------------++-------
Melee: Trident           ||    44
       Headbutt          ||     6
Armor: Leather armour    ||     3
       Ring mail         ||     6
Dodge: Dodged            ||    29

Table legend: (Time is in decaauts)
 A = Elapsed time spent in this place.
 B = Non-inter-level travel time spent in this place.
 C = Inter-level travel time spent in this place.
 D = Time resting spent in this place.
 E = Time spent auto-exploring this place.
 F = Levels seen in this place.
 G = Mean time per level.
                   A        B        C        D        E       F      G
               +--------+--------+--------+--------+--------+-----+--------+
         Total |   1371 |   1340 |     31 |    123 |   1090 |   2 |  685.5 |
       Dungeon |   1371 |   1340 |     31 |    123 |   1090 |   2 |  685.5 |
               +--------+--------+--------+--------+--------+-----+--------+

Top non-repeatable levels by time:
     D:1: 1324 daAuts
     D:2: 46 daAuts
